Map: Dusty Gorge

Players

Demon - Winner!

  • Race: Zerg Zerg
  • League: Diamond
  • Spawn Location: 11:00

PureLegacy - Winner!

  • Race: Terran Terran
  • Spawn Location: 9:00

Plundertown

  • Race: Terran Terran
  • Spawn Location: 5:00

lllIIllIllIl

  • Race: Zerg Zerg
  • League: Silver
  • Spawn Location: 3:00

VOD

Have the link to the VOD?

Description

Time

  • Played on: Nov. 28, 2018, 9:49 a.m.
  • Length: 7:55
Show
View Real Time Build Order
Export as new Build Order

Demon Zerg - Winner!

Build Orders: Hatch First 

Get SALT Encoding   

  12  0:01  Drone  
  13  0:08  Drone  
  14  0:17  Overlord  
  14  0:29  Drone x2, Extractor x2  
  16  0:36  Drone  
  17  0:44  Drone  
  18  1:00  Drone  
  18  1:03  Hatchery  
  18  1:07  Drone  
  18  1:11  Extractor  
  18  1:16  Drone  
  19  1:24  Spawning Pool  
  18  1:27  Drone  
  19  1:38  Drone  
  20  1:50  Drone  
  21  2:06  Hatchery  
  20  2:16  Metabolic Boost  
  20  2:17  Queen  
  20  2:19  Queen  
  24  2:25  Overlord  
  24  2:32  Zergling x4  
  24  2:35  Zergling x2  
  27  2:52  Drone x3  
  27  2:53  Baneling Nest  
  27  2:55  Zergling x2  
  30  2:59  Zergling x2  
  31  3:06  Zergling x2  
  31  3:09  Overlord  
  32  3:15  Overlord  
  32  3:27  Zergling x8  
  36  3:36  Baneling x3  
  36  3:37  Baneling x3, Zergling x2  
  37  3:41  Zergling x2  
  37  3:43  Zergling x2  
  38  3:52  Zergling x6  
  40  3:56  Zergling x2  
  41  4:03  Drone  
  41  4:04  Drone x2  
  44  4:10  Drone x2  
  44  4:12  Drone  
  44  4:14  Drone  
  48  4:18  Drone  
  46  4:30  Drone x3  
  48  4:32  Extractor  
  48  4:34  Extractor  
  48  4:38  Roach Warren  
  40  4:43  Drone x3  
  38  4:46  Drone  
  38  4:49  Drone  
  38  4:51  Drone  
  41  4:55  Evolution Chamber  
  40  5:01  Zergling x2  
  40  5:02  Zergling x4  
  42  5:09  Queen  
  44  5:17  Roach x3  
  50  5:25  Overlord x2  
  47  5:44  Lair, Roach  
  47  5:45  Roach x3  
  47  5:48  Zerg Missile Weapons Level 1  
  55  5:54  Drone, Evolution Chamber  
  55  5:56  Drone  
  56  5:58  Drone  
  56  6:00  Drone  
  56  6:03  Drone  
  59  6:05  Drone  
  59  6:06  Ravager  
  59  6:07  Ravager  
  59  6:08  Ravager  
  59  6:11  Ravager x3  
  66  6:27  Overlord x2  
  66  6:28  Overlord x2  
  66  6:30  Overlord  
  66  6:42  Overlord  
  66  6:50  Drone x5  
  66  6:51  Roach  
  66  6:52  Roach  
  66  6:53  Ravager  
  76  6:56  Roach  
  76  6:58  Overseer  
  76  7:01  Roach  
  80  7:03  Roach  
  80  7:06  Roach  
  84  7:10  Overseer  
  84  7:20  Roach  
  84  7:21  Roach x4  
  84  7:22  Roach  
  96  7:25  Roach  
  96  7:28  Extractor  
  97  7:31  Extractor x2  
  97  7:32  Roach x2  
  97  7:34  Roach  
Show
View Real Time Build Order
Export as new Build Order

PureLegacy Terran - Winner!

Build Orders:  

Get SALT Encoding   

  12  0:02  SCV  
  13  0:14  SCV  
  14  0:18  Supply Depot  
  14  0:26  SCV  
  15  0:31  Refinery  
  15  0:40  SCV  
  16  0:47  Barracks  
  16  0:52  SCV  
  17  1:03  Barracks  
  17  1:17  Barracks  
  17  1:22  SCV  
  18  1:34  Reaper  
  19  1:40  Orbital Command  
  19  1:50  Refinery  
  19  1:53  Reaper  
  20  2:01  Supply Depot  
  20  2:04  Reaper  
  21  2:10  Reaper  
  21  2:13  SCV  
  23  2:25  Reaper  
  24  2:36  Reaper  
  24  2:41  Supply Depot  
  24  2:43  SCV  
  25  2:46  Reaper  
  26  2:57  Reaper  
  27  2:59  SCV  
  28  3:08  Reaper  
  28  3:12  SCV  
  30  3:14  Command Center  
  30  3:18  Reaper  
  30  3:29  Reaper  
  30  3:31  SCV  
  32  3:36  Barracks  
  32  3:43  Reaper  
  32  3:44  Barracks  
  33  3:55  Reaper  
  34  4:00  SCV  
  34  4:02  Engineering Bay  
  35  4:03  Reaper  
  36  4:12  Supply Depot, SCV  
  36  4:16  Reaper  
  38  4:24  Reaper  
  39  4:25  SCV  
  39  4:29  Reaper  
  42  4:52  Reaper  
  42  4:53  Reaper  
  42  4:54  Orbital Command  
  42  4:56  Refinery, Reaper  
  42  4:57  Refinery, SCV  
  45  5:02  Terran Infantry Weapons Level 1  
  44  5:10  Reaper  
  45  5:17  SCV  
  45  5:20  SCV  
  47  5:23  Reaper  
  47  5:27  Reaper  
  49  5:29  SCV  
  49  5:33  Barracks, SCV  
  49  5:34  Supply Depot, Reaper  
  52  5:37  Barracks  
  52  5:46  Reaper  
  53  5:53  Reaper  
  53  5:55  Reaper  
  55  6:00  SCV x2  
  55  6:01  Reaper  
  57  6:10  Reaper  
  57  6:11  Barracks  
  58  6:13  Barracks x2  
  57  6:25  Reaper  
  57  6:29  Reaper x4  
  57  6:32  SCV x2  
  64  6:34  Reaper  
  64  6:39  Supply Depot  
  65  6:44  Reaper  
  66  6:57  Supply Depot, SCV  
  66  6:58  Reaper, SCV  
  66  7:01  Reaper x2  
  70  7:08  Reaper x2  
  71  7:09  Reaper  
  72  7:17  Reaper  
  72  7:18  Reaper  
  74  7:33  SCV x2  
  74  7:35  Supply Depot  
  74  7:36  Command Center  
  81  7:50  Supply Depot x2  
Show
View Real Time Build Order
Export as new Build Order

Plundertown Terran 

Build Orders:  

Get SALT Encoding   

  12  0:00  SCV  
  13  0:13  SCV  
  14  0:18  Supply Depot  
  14  0:27  SCV  
  15  0:39  Refinery  
  15  0:40  SCV  
  16  0:46  Barracks  
  16  0:52  SCV  
  17  1:01  Barracks  
  17  1:06  SCV  
  18  1:19  Barracks  
  18  1:23  SCV  
  19  1:34  Reaper  
  19  1:39  Refinery  
  20  1:48  Reaper  
  20  1:50  Orbital Command  
  21  2:00  Supply Depot  
  21  2:06  Reaper  
  22  2:11  Reaper  
  23  2:32  Reaper  
  23  2:35  SCV  
  24  2:38  Reaper  
  24  2:43  Reaper  
  26  2:46  Supply Depot  
  26  2:55  SCV  
  27  2:58  Barracks  
  27  3:04  Reaper  
  28  3:08  SCV  
  29  3:20  SCV  
  27  3:28  Reaper  
  27  3:30  Reaper  
  27  3:32  SCV  
  30  3:41  Reaper, Command Center  
  31  3:57  Reaper  
  31  4:00  Reaper  
  33  4:06  Reaper  
  34  4:14  Reaper  
  15  4:53  Orbital Command  
  15  5:00  Reaper x3  
  15  5:01  SCV  
  19  5:11  Reaper  
  19  5:12  Supply Depot  
  20  5:14  SCV  
  21  5:26  SCV x2  
  23  5:30  Refinery  
  23  5:32  Refinery, Reaper  
  24  5:39  SCV  
  24  5:58  SCV  
  24  6:02  Marine x3  
  24  6:03  Supply Depot  
  26  6:10  SCV  
  4  6:59  SCV  
  5  7:02  SCV  
  6  7:11  SCV  
  6  7:14  SCV  
  8  7:23  SCV  
  8  7:29  SCV  
  10  7:35  SCV  
  11  7:42  SCV  
Show
View Real Time Build Order
Export as new Build Order

lllIIllIllIl Zerg 

Build Orders: Hatch First 

Get SALT Encoding   

  12  0:01  Drone  
  13  0:08  Drone  
  14  0:18  Overlord  
  14  0:36  Drone x3  
  17  0:47  Drone  
  18  0:58  Hatchery  
  18  1:01  Drone  
  18  1:04  Extractor  
  17  1:16  Spawning Pool  
  16  1:19  Drone  
  16  1:22  Drone  
  18  1:30  Drone  
  19  1:42  Drone  
  20  1:55  Overlord  
  20  2:03  Queen  
  22  2:10  Queen  
  22  2:11  Zergling x4  
  26  2:29  Drone x2  
  28  2:43  Queen  
  30  2:50  Drone x2  
  30  2:51  Drone, Hatchery  
  32  2:59  Queen  
  34  3:19  Drone x2, Roach Warren  
  35  3:42  Zergling x2  
  35  3:44  Overlord x3  
  37  3:57  Overlord  
  37  4:02  Queen  
  38  4:04  Roach x5, Spine Crawler  
  38  4:05  Spine Crawler  
  38  4:07  Roach  
  48  4:22  Drone  
  49  4:40  Roach  
  49  4:41  Roach x3  
  54  4:54  Lair  
  54  4:58  Hatchery  
  53  5:06  Roach x2  
  53  5:07  Roach x2  
  61  5:13  Drone  
  58  5:54  Glial Reconstitution  
  58  5:56  Drone x5  
  58  5:57  Drone x3  
  65  6:02  Queen  
  68  6:09  Queen  
  70  6:13  Overlord  
  70  6:14  Overlord  
  70  6:24  Roach x2  
  74  6:35  Roach x4  
  74  6:36  Roach  
  74  6:38  Hatchery  
  74  6:39  Hydralisk Den  
  82  6:41  Overlord  
  82  6:42  Overlord x3  
  82  6:44  Overlord x2  
  82  6:59  Roach x2  
  82  7:08  Drone x2  
  80  7:14  Ravager x2  
  74  7:22  Roach x6  
  80  7:25  Extractor  
  80  7:26  Extractor  
  78  7:37  Drone, Extractor  
  78  7:38  Drone x5  
  83  7:47  Evolution Chamber  
  83  7:50  Evolution Chamber  
Tags
 
Add a new tag
Caveats
  • Supply blocks, unpowered buildings, or Contaminate may cause inaccurate times.
  • Supply counts are checked every 10 seconds.